AoeStats
← sleepy

Arabia

507642300Analyzed
4v4 RM · 13d ago on Sep 19, 2026· 49m 28s· 8 players
Game mode
Random Map
Map size
Large (8 player)
Population
200
Speed
Normal
Resources
Standard
Victory
Conquest
Starting age
Dark Age
Ending age
Imperial Age
RankedLock teamsTeams togetherTeam positionsShared explorationLock speedFull tech treeHidden civsTurbo modeCheats
Victory
Defeat
🇺🇸 Inca · United States
1086
+14
🇨🇦 Byzantines · Canada
1083
+14
🇺🇸 Italians · United States
1050
+16
🇺🇸 Koreans · United States
1001
+18
🇨🇷 Aztecs · Costa Rica
1124
-18
🇺🇸 Berbers · United States
1041
-15
🇦🇷 Slavs · Argentina
1020
-15
🇧🇷 Khmer · Brazil
1000
-43
yarnmuon
7:07 Loom
9:34 Feudal Age
10:22 Double-Bit Axe
13:34 Horse Collar
21:55 Castle Age
22:56 Bow Saw
22:09 Crossbowman
22:40 Fletching
23:21 Bodkin Arrow
27:32 Town Watch
28:09 Padded Archer Armor
36:46 Imperial Age
34:58 Thumb Ring
37:07 Ballistics
39:03 Masonry
39:11 Scale Mail Armor
41:50 Bracer
43:14 Leather Archer Armor
42:28 Arbalester
44:49 Chemistry
45:38 Conscription
46:10 Chain Mail Armor
46:05 Forging
45:58 Squires
45:44 Arson
47:26 Hoardings
47:03 Elite Kamayuk
47:48 Andean Sling
48:23 Plate Mail Armor
50:09 Ring Archer Armor
sleepy
10:27 Feudal Age
10:57 Double-Bit Axe
12:43 Loom
17:46 Castle Age
16:21 Horse Collar
16:34 Gold Mining
17:07 Fletching
18:16 Forging
19:10 Bow Saw
20:17 Heavy Plow
20:42 Crossbowman
23:55 Iron Casting
23:21 Scale Mail Armor
24:49 Stone Mining
26:11 Wheelbarrow
25:17 Pikeman
26:57 Bodkin Arrow
27:03 Padded Archer Armor
28:52 Chain Mail Armor
29:28 Thumb Ring
32:15 Ballistics
31:50 Murder Holes
32:42 Squires
33:04 Leather Archer Armor
37:40 Imperial Age
38:24 Stone Shaft Mining
38:21 Man-at-Arms
38:47 Arson
39:51 Hand Cart
39:21 Town Watch
39:05 Long Swordsman
40:51 Blast Furnace
40:21 Plate Mail Armor
39:52 Bracer
40:27 Arbalester
42:19 Chemistry
41:27 Two-Handed Swordsman
42:31 Town Patrol
43:22 Crop Rotation
43:56 Two-Man Saw
43:44 Champion
dteeuwsen17
8:45 Feudal Age
10:59 Double-Bit Axe
14:33 Loom
19:26 Castle Age
17:45 Horse Collar
18:31 Forging
19:08 Scale Barding Armor
21:13 Wheelbarrow
21:57 Heavy Plow
28:46 Chain Barding Armor
29:02 Iron Casting
31:14 Hand Cart
31:03 Husbandry
34:44 Imperial Age
32:09 Gold Mining
32:30 Bow Saw
32:26 Stone Mining
37:48 Plate Barding Armor
36:34 Cavalier
38:26 Gold Shaft Mining
38:39 Paladin
grumpy
11:19 Feudal Age
9:37 Loom
11:22 Feudal Age
15:33 Castle Age
14:15 Double-Bit Axe
14:28 Horse Collar
17:06 Bow Saw
19:50 Heavy Plow
23:37 Fletching
25:25 Wheelbarrow
25:22 Gold Mining
25:58 Bodkin Arrow
26:28 Stone Mining
27:05 Hand Cart
27:57 Crossbowman
28:29 Town Watch
30:04 Thumb Ring
31:36 Gold Shaft Mining
31:06 Elite Skirmisher
33:11 Stone Shaft Mining
35:50 Ballistics
35:26 Murder Holes
35:41 Masonry
35:12 Treadmill Crane
40:17 Imperial Age
41:10 Arbalester
42:47 Conscription
44:47 Bracer
48:22 Forging
48:12 Scale Mail Armor
48:18 Scale Barding Armor
48:47 Architecture
49:17 Chemistry
48:23 Siege Engineers
50:50 Two-Man Saw
50:13 Fortified Wall
Yazz13
5:03 Loom
10:13 Feudal Age
11:27 Double-Bit Axe
11:23 Horse Collar
17:56 Wheelbarrow
20:42 Castle Age
18:52 Fletching
19:12 Gold Mining
19:50 Padded Archer Armor
20:55 Crossbowman
22:04 Bodkin Arrow
23:34 Bow Saw
24:41 Leather Archer Armor
26:38 Scale Mail Armor
26:33 Stone Mining
28:15 Hand Cart
28:14 Eagle Warrior
29:45 Ballistics
33:46 Imperial Age
31:43 Forging
32:26 Stone Shaft Mining
32:09 Chain Mail Armor
33:52 Arbalester
34:33 Bracer
35:03 Conscription
35:27 Elite Jaguar Warrior
36:46 Gold Shaft Mining
37:06 Plate Mail Armor
38:39 Iron Casting
39:14 Squires
39:42 Garland Wars
39:41 Elite Genitour
42:01 Arson
44:18 Atlatl
44:01 Capped Ram
46:01 Blast Furnace
GeL_
6:32 Loom
11:56 Feudal Age
14:48 Double-Bit Axe
16:02 Horse Collar
19:34 Wheelbarrow
22:18 Castle Age
20:59 Gold Mining
21:01 Stone Mining
21:08 Fletching
21:42 Town Watch
25:33 Hand Cart
26:13 Heavy Plow
26:42 Bodkin Arrow
29:23 Gold Shaft Mining
29:39 Bow Saw
29:32 Murder Holes
29:49 Town Patrol
32:01 Crossbowman
33:45 Padded Archer Armor
33:27 Elite Skirmisher
35:54 Leather Archer Armor
38:31 Imperial Age
36:42 Ballistics
37:25 Guard Tower
40:46 Chemistry
40:39 Conscription
40:54 Conscription
41:22 Bracer
41:08 Arbalester
41:55 Pikeman
43:18 Elite Ballista Elephant
tequilaninja
11:34 Feudal Age
14:07 Double-Bit Axe
19:18 Castle Age
18:15 Horse Collar
19:40 Wheelbarrow
20:19 Husbandry
21:19 Bloodlines
22:12 Gold Mining
23:53 Bow Saw
25:19 Pikeman
29:41 Squires
30:00 Forging
29:56 Scale Barding Armor
34:53 Stone Mining
38:39 Fletching
38:50 Padded Archer Armor
39:36 Iron Casting
39:23 Chain Barding Armor
39:13 Heavy Plow
locodecano
6:45 Loom
9:52 Feudal Age
14:08 Bloodlines
23:49 Castle Age
21:46 Double-Bit Axe
22:12 Gold Mining
22:20 Horse Collar
23:09 Forging
23:37 Scale Barding Armor
23:48 Fletching
26:06 Bow Saw
30:44 Heavy Plow
35:41 Imperial Age
34:04 Gold Shaft Mining
34:28 Detinets
34:35 Stone Mining
35:22 Iron Casting
36:51 Wheelbarrow
36:48 Conscription
38:18 Chemistry
Connection lost

Rejoining the realm…

Still unreachable

The connection could not be restored.

Session expired

The server has moved on; the page needs a fresh start.